[Event "Titled Tuesday Blitz August 08 Early 2023"]
[White "banhgiahuy2606"]
[Black "FREDERICKtheMATE"]
[WhiteElo "2594"]
[BlackElo "2446"]
[Result "1/2-1/2"]
[Round "5"]
[TimeControl "180+1"]
[Date "2023.08.08"]
[WhiteClock "0:01:32"]
[BlackClock "0:00:19"]
[Board "125"]

1. e4 c5 2. Nf3 Nc6 3. Bb5 g6 4. O-O Bg7 5. c3 e5 6. d3 Nge7 7. Be3 d6 8. d4 cxd4 9. cxd4 exd4 10. Bxd4 O-O 11. Bxg7 Kxg7 12. Nc3 Be6 13. Qd2 d5 14. exd5 Nxd5 15. Bxc6 bxc6 16. Ng5 Re8 17. Nxe6+ Rxe6 18. Rad1 Qf6 19. Nxd5 cxd5 20. Qxd5 Rb8 21. b3 Re2 22. Rd2 Rbe8 23. g3 h5 24. Rxe2 Rxe2 25. a4 Rb2 26. Kg2 Qb6 27. a5 Qxb3 28. Qd4+ Kh7 29. Qxa7 Qd5+ 30. Kg1 Ra2 31. a6 h4 32. gxh4 Ra4 33. f3 Rxh4 34. Qb6 Ra4 35. Qf6 Qe6 36. Qxe6 fxe6 37. Kg2 Rxa6 38. Kg3 Kg7 39. f4 Kf6 40. Rc1 Ra3+ 41. Kg4 Ra2 42. h4 Rg2+ 43. Kf3 Rh2 44. Kg3 Ra2 45. Rc5 Rb2 46. Kf3 Rh2 47. Kg3 1/2-1/2


[Site "https://www.chess.com"]

[Event "Titled Tuesday Blitz August 08 Early 2023"]
[White "Budrewicz, Krzysztof"]
[Black "Novikov, Evgenij"]
[WhiteFideId "1127950"]
[BlackFideId "4125380"]
[WhiteElo "2589"]
[BlackElo "2444"]
[Result "1-0"]
[Round "5"]
[TimeControl "180+1"]
[Date "2023.08.08"]
[WhiteClock "0:01:28"]
[BlackClock "0:00:07"]
[Board "127"]

1. d4 Nf6 2. c4 g6 3. Nc3 Bg7 4. e4 d6 5. Be2 O-O 6. Bg5 h6 7. Be3 Nc6 8. d5 Ne5 9. f4 Neg4 10. Bd2 h5 11. h3 Nh6 12. Nf3 c6 13. O-O cxd5 14. cxd5 Qb6+ 15. Kh1 Qxb2 16. Rb1 Qa3 17. Ng5 Qc5 18. Nb5 a6 19. Rc1 Qb6 20. Nc7 Rb8 21. Qc2 Bd7 22. Rb1 Qc5 23. Qxc5 dxc5 24. e5 Nh7 25. e6 fxe6 26. Ngxe6 Bxe6 27. Nxe6 Rfc8 28. g4 hxg4 29. hxg4 Nf7 30. Rb6 Nf6 31. Bf3 Nd6 32. Bc3 Kf7 33. Nxg7 Kxg7 34. g5 Rh8+ 35. Kg2 Nf5 36. gxf6+ Kf7 37. fxe7 Ne3+ 38. Kf2 Nxf1 39. Bxh8 Rxh8 40. d6 Nd2 41. Bxb7 Nc4 42. Bd5+ 1-0


[Site "https://www.chess.com"]

[Event "Titled Tuesday Blitz August 08 Early 2023"]
[White "Kirillov, Dmitry"]
[Black "Vlassov, Nikolai"]
[WhiteFideId "34180572"]
[BlackFideId "4103360"]
[WhiteElo "2442"]
[BlackElo "2588"]
[Result "1-0"]
[Round "5"]
[TimeControl "180+1"]
[Date "2023.08.08"]
[WhiteClock "0:00:06"]
[BlackClock "0:00:00"]
[Board "128"]

1. d4 Nf6 2. c4 Nc6 3. Nf3 e6 4. Nc3 Bb4 5. Qc2 d6 6. e3 e5 7. Bd2 Bg4 8. d5 Bxc3 9. Bxc3 Ne7 10. Nd2 O-O 11. Bd3 c6 12. e4 cxd5 13. cxd5 Rc8 14. O-O Ng6 15. f3 Bd7 16. g3 Qb6+ 17. Kg2 Bb5 18. Rac1 Nd7 19. Nb3 Qa6 20. Bxb5 Qxb5 21. Rfd1 b6 22. Qd3 Qa4 23. Qb1 Ne7 24. g4 g6 25. Bd2 f5 26. gxf5 gxf5 27. Bh6 Rf6 28. Rxc8+ Nxc8 29. Be3 Rg6+ 30. Kh1 fxe4 31. Qxe4 Qxe4 32. fxe4 Rg4 33. Rg1 Nf6 34. Nd2 Ne7 35. Bg5 Kf7 36. Bxf6 Rxg1+ 37. Kxg1 Kxf6 38. Kf2 Ng6 39. a4 Nf4 40. Ke3 Kg5 41. Nc4 Kg4 42. Nxd6 Kh3 43. Nf7 Ng6 44. d6 Nf8 45. Nxe5 Kxh2 46. d7 Ne6 47. Nf7 h5 48. d8=Q Nxd8 49. Nxd8 Kg3 50. Nf7 h4 51. Ng5 Kg4 52. Nf3 h3 53. e5 Kf5 54. Kd4 Kf4 55. e6 Kxf3 56. e7 h2 57. e8=Q Kg2 58. Qa8+ Kg1 59. Kc4 1-0


[Site "https://www.chess.com"]

[Event "Titled Tuesday Blitz August 08 Early 2023"]
[White "WindWhistler11"]
[Black "only_strong_moves"]
[WhiteElo "2437"]
[BlackElo "2588"]
[Result "0-1"]
[Round "5"]
[TimeControl "180+1"]
[Date "2023.08.08"]
[WhiteClock "0:00:00"]
[BlackClock "0:00:07"]
[Board "129"]

1. Nf3 d5 2. g3 Bg4 3. Bg2 Nf6 4. c4 e6 5. b3 Be7 6. Bb2 O-O 7. O-O Nbd7 8. d3 c6 9. Qc2 Rc8 10. h3 Bf5 11. Nh4 Bg6 12. Nd2 Ne8 13. Nxg6 hxg6 14. e4 Bf6 15. d4 Be7 16. e5 c5 17. cxd5 cxd4 18. Qe4 exd5 19. Qxd4 Nb6 20. Rac1 Nc7 21. h4 Ne6 22. Qg4 Nc5 23. Bd4 Rc6 24. Nf3 Ne6 25. Rcd1 Qc8 26. Be3 Rd8 27. h5 Nf8 28. Qxc8 Nxc8 29. Nd4 Ra6 30. a4 gxh5 31. Rfe1 Bb4 32. Re2 Ne7 33. Rc2 Ne6 34. Nb5 Rc6 35. Rxc6 bxc6 36. Nxa7 c5 37. Nb5 d4 38. Bc1 Nd5 39. Bxd5 Rxd5 40. f4 g5 41. Nd6 gxf4 42. gxf4 Ng7 43. Ne4 Kf8 44. Nf6 Rd8 45. Kf2 Ne6 46. Kf3 Ke7 47. Ke4 Nc7 48. Bd2 Bxd2 49. Rxd2 Rb8 50. Rc2 Rxb3 51. Rxc5 Ne6 52. Ra5 Re3+ 53. Kf5 Re1 54. Ra7+ Kd8 55. Rd7+ Kc8 56. Rxf7 Nd8 57. Rf8 d3 58. Nd5 d2 59. Nc3 Rc1 60. Ne4 d1=Q 61. Nd6+ Kd7 62. Rg8 Qd3+ 63. Kf6 Qb3 64. Rg7+ Kc6 65. Ne8 Qe6+ 66. Kg5 Qxe8 67. Rg6+ Ne6+ 68. Kf5 Kd7 69. Rf6 Ng7+ 70. Kg5 Ne6+ 71. Kf5 Rg1 72. Ke4 Nc5+ 73. Kd5 Nxa4 74. Rd6+ Kc7 75. Ra6 Nb6+ 0-1


[Site "https://www.chess.com"]

[Event "Titled Tuesday Blitz August 08 Early 2023"]
[White "Kukreja Sankalp"]
[Black "Toropov, Pavel"]
[WhiteFideId "45027676"]
[BlackFideId "24129178"]
[WhiteElo "2426"]
[BlackElo "2578"]
[Result "0-1"]
[Round "5"]
[TimeControl "180+1"]
[Date "2023.08.08"]
[WhiteClock "0:00:02"]
[BlackClock "0:00:08"]
[Board "130"]

1. e4 e6 2. d4 d5 3. Nc3 dxe4 4. Nxe4 Nd7 5. Nf3 Ngf6 6. Bd3 Nxe4 7. Bxe4 Nf6 8. Bg5 Be7 9. Bxf6 Bxf6 10. O-O O-O 11. Qe2 c5 12. c3 Qb6 13. Rad1 cxd4 14. cxd4 Bd7 15. Ne5 Bb5 16. Bd3 Bxd3 17. Rxd3 Rfd8 18. Rfd1 Rd5 19. Nc4 Qa6 20. b3 Rad8 21. Qe4 Qxa2 22. Ne3 R5d7 23. d5 Qa6 24. R3d2 Bg5 25. Rd4 Bxe3 26. fxe3 exd5 27. Rxd5 Rxd5 28. Rxd5 Qa1+ 29. Kf2 Qf6+ 30. Kg3 Rc8 31. Rf5 Qg6+ 32. Kf3 h6 33. Re5 Qxe4+ 34. Rxe4 Kf8 35. Rd4 Rc7 36. Ke4 Ke7 37. Rd2 Rd7 38. Rc2 Kd8 39. Kf3 Rd6 40. Ke4 Kd7 41. g3 Rc6 42. Rd2+ Kc7 43. Rf2 f6 44. Kf5 Rc3 45. Kg6 Rxb3 46. Kxg7 a5 47. Kxf6 Rxe3 48. Kg6 Re6+ 49. Kf5 Ra6 50. g4 a4 51. h4 a3 52. Ra2 b5 53. g5 hxg5 54. hxg5 b4 55. g6 Kb6 56. g7 Ra8 57. Kg6 Kb5 58. Kh7 Ra7 59. Kh8 Rxg7 60. Kxg7 Ka4 61. Kf6 b3 62. Rh2 b2 63. Rh4+ Kb3 64. Rh3+ Kb4 65. Rh4+ Kc5 66. Rh5+ Kd4 67. Rh4+ Kd5 68. Rh5+ Kd6 69. Rb5 a2 70. Rb6+ Kc5 0-1


[Site "https://www.chess.com"]

[Event "Titled Tuesday Blitz August 08 Early 2023"]
[White "Eynullayev, Altay"]
[Black "Begunov, Konstantin"]
[WhiteFideId "13413562"]
[BlackFideId "4118510"]
[WhiteElo "2576"]
[BlackElo "2425"]
[Result "1-0"]
[Round "5"]
[TimeControl "180+1"]
[Date "2023.08.08"]
[WhiteClock "0:00:43"]
[BlackClock "0:00:16"]
[Board "131"]

1. e4 c5 2. Nf3 d6 3. d4 cxd4 4. Nxd4 Nf6 5. Nc3 a6 6. g3 e5 7. Nde2 b5 8. Bg2 Bb7 9. O-O Nbd7 10. Nd5 Bxd5 11. exd5 Be7 12. a4 O-O 13. Be3 Qc7 14. c3 Nb6 15. axb5 axb5 16. Qb3 Nc4 17. Rxa8 Rxa8 18. Qxb5 Nxe3 19. fxe3 Ng4 20. Qd3 Qb6 21. Qf5 Nxe3 22. Qf2 Bg5 23. Qxf7+ Kh8 24. Qf8+ Rxf8 25. Rxf8# 1-0


[Site "https://www.chess.com"]

[Event "Titled Tuesday Blitz August 08 Early 2023"]
[White "Gutkin, Ilya"]
[Black "Moskvin, Anatoly"]
[WhiteFideId "16203470"]
[BlackFideId "24199990"]
[WhiteElo "2425"]
[BlackElo "2575"]
[Result "0-1"]
[Round "5"]
[TimeControl "180+1"]
[Date "2023.08.08"]
[WhiteClock "0:00:06"]
[BlackClock "0:00:14"]
[Board "132"]

1. e4 e5 2. Nf3 Nc6 3. Bb5 f5 4. d4 fxe4 5. Nxe5 Nf6 6. Nxc6 bxc6 7. Be2 d5 8. O-O Bd6 9. f3 O-O 10. Nc3 Bf5 11. fxe4 Nxe4 12. Nxe4 Bxe4 13. Rxf8+ Qxf8 14. Bd3 Re8 15. Bg5 Qf5 16. Bh4 Qg6 17. Bxe4 dxe4 18. Qe2 Qf7 19. b3 c5 20. Rf1 Qd5 21. dxc5 Bxc5+ 22. Kh1 Bd6 23. Bg3 Bxg3 24. hxg3 e3 25. Rf3 Qd4 26. Kh2 Re6 27. Qb5 Rh6+ 28. Kg1 e2+ 29. Rf2 e1=Q+ 30. Qf1 Qdxf2# 0-1


[Site "https://www.chess.com"]

[Event "Titled Tuesday Blitz August 08 Early 2023"]
[White "vishwa_vijeta"]
[Black "Hrbek, Stepan"]
[BlackFideId "393479"]
[WhiteElo "2575"]
[BlackElo "2422"]
[Result "1-0"]
[Round "5"]
[TimeControl "180+1"]
[Date "2023.08.08"]
[WhiteClock "0:00:23"]
[BlackClock "0:00:03"]
[Board "133"]

1. e4 c5 2. Nf3 Nc6 3. d4 cxd4 4. Nxd4 Nf6 5. Nc3 e5 6. Ndb5 d6 7. Bg5 a6 8. Na3 b5 9. Bxf6 gxf6 10. Nd5 f5 11. Bd3 Be6 12. c3 Bg7 13. Nxb5 axb5 14. Bxb5 Bd7 15. exf5 O-O 16. O-O e4 17. Re1 Ne5 18. Bxd7 Nxd7 19. Rxe4 Nf6 20. Re1 Nxd5 21. Qxd5 Ra5 22. Qf3 Qf6 23. g4 h5 24. h3 Rb8 25. Re2 Rab5 26. Rb1 Qg5 27. c4 Rxb2 28. Rbxb2 Rxb2 29. Re8+ Kh7 30. Qe4 Bf6 31. Rf8 Qg7 32. Re8 hxg4 33. hxg4 Qh6 34. Kg2 Rxa2 35. Qd5 Kg7 36. Qxd6 Rxf2+ 37. Kg1 Rd2 38. Qf8+ Kh7 39. Qg8# 1-0


[Site "https://www.chess.com"]

[Event "Titled Tuesday Blitz August 08 Early 2023"]
[White "Toktomushev, Teimur"]
[Black "Aevengho"]
[WhiteFideId "14176726"]
[WhiteElo "2418"]
[BlackElo "2574"]
[Result "0-1"]
[Round "5"]
[TimeControl "180+1"]
[Date "2023.08.08"]
[WhiteClock "0:00:11"]
[BlackClock "0:01:41"]
[Board "134"]

1. d4 Nf6 2. c4 g6 3. Nc3 Bg7 4. e4 d6 5. f3 c6 6. Be3 a6 7. a4 a5 8. Qd2 Na6 9. Nge2 Nb4 10. g4 h5 11. g5 Nd7 12. h4 O-O 13. f4 d5 14. Ng3 dxe4 15. f5 c5 16. fxg6 cxd4 17. gxf7+ Rxf7 18. Bxd4 Bxd4 19. Qxd4 Nc2+ 20. Kd2 Nxd4 21. Ngxe4 Nb3+ 22. Ke3 Nxa1 23. Bh3 Qb6+ 24. c5 Nxc5 25. Bxc8 0-1


[Site "https://www.chess.com"]

[Event "Titled Tuesday Blitz August 08 Early 2023"]
[White "Colbow, Collin"]
[Black "Semenenko, Dmytry"]
[WhiteFideId "16201132"]
[BlackFideId "14118645"]
[WhiteElo "2569"]
[BlackElo "2412"]
[Result "1-0"]
[Round "5"]
[TimeControl "180+1"]
[Date "2023.08.08"]
[WhiteClock "0:01:12"]
[BlackClock "0:01:21"]
[Board "135"]

1. d4 d5 2. Bf4 Nf6 3. Nc3 c5 4. e3 a6 5. Qd2 Nc6 6. O-O-O e6 7. f3 Bd6 8. Nge2 Bxf4 9. Nxf4 c4 10. e4 O-O 11. g4 b5 12. g5 b4 13. Na4 Ne8 14. Nc5 Qxg5 15. h4 Qd8 16. Rg1 dxe4 17. fxe4 Qxh4 18. Bxc4 Nxd4 19. Ng2 Qg3 20. Qxd4 Nf6 21. Ne3 Qf4 22. Rdf1 Qh6 23. Rxf6 1-0


[Site "https://www.chess.com"]

[Event "Titled Tuesday Blitz August 08 Early 2023"]
[White "Manukyan, Sargis A."]
[Black "Llanos, Guillermo"]
[WhiteFideId "13303970"]
[BlackFideId "100358"]
[WhiteElo "2568"]
[BlackElo "2408"]
[Result "1-0"]
[Round "5"]
[TimeControl "180+1"]
[Date "2023.08.08"]
[WhiteClock "0:00:05"]
[BlackClock "0:00:12"]
[Board "136"]

1. d4 Nf6 2. c4 b6 3. Nc3 Bb7 4. Nf3 g6 5. g3 Bg7 6. Bg2 O-O 7. O-O Ne4 8. Nxe4 Bxe4 9. b3 c5 10. Bb2 Nc6 11. e3 d5 12. Rc1 Rc8 13. Ba1 dxc4 14. Rxc4 Bd5 15. Rc1 cxd4 16. Nxd4 Bxg2 17. Kxg2 Nxd4 18. Rxc8 Qxc8 19. exd4 Rd8 20. Qd2 Qb7+ 21. f3 Qd5 22. Qe2 e6 23. Rd1 h5 24. Qe4 Bf6 25. Qxd5 Rxd5 26. f4 Bg7 27. Kf3 Kf8 28. a4 Ke8 29. Ke4 Kd7 30. Rc1 Bf8 31. Bb2 Bd6 32. h4 b5 33. Bc3 a6 34. Ra1 Bc7 35. Kd3 Bb6 36. axb5 axb5 37. Ra8 Bd8 38. Ra7+ Ke8 39. Ra8 Ke7 40. Bb4+ Kf6 41. Bc5 Kf5 42. Ra7 f6 43. Rb7 Kg4 44. Rxb5 Kxg3 45. Rb7 Kxf4 46. Rg7 Kf5 47. b4 g5 48. b5 gxh4 49. Ke3 e5 50. b6 exd4+ 51. Bxd4 Rb5 52. b7 h3 53. Kf3 Rb3+ 54. Kf2 Ke4 55. Rd7 Ba5 56. Ba7 Bb6+ 57. Bxb6 Rxb6 58. Kg3 Rb3+ 59. Kh2 Kf4 60. Rd4+ Kg5 61. Rd7 f5 62. Rg7+ Kh4 63. Rc7 Rb2+ 64. Kg1 Kg4 65. Rc4+ f4 66. Rc7 Kg3 67. Rg7+ Kf3 68. Rc7 Rb1+ 69. Kh2 Kf2 70. Rc2+ Ke3 71. Rc3+ Ke4 72. Rc4+ Ke3 73. Rc3+ Kd4 74. Rc7 Rb3 75. Rd7+ Ke4 76. Re7+ Kf3 77. Rc7 h4 78. Rc3+ Rxc3 79. b8=Q Rc2+ 80. Kxh3 Re2 81. Qb7+ Kf2 82. Kxh4 Re3 83. Kg4 f3 84. Qb6 Ke2 85. Qb2+ Ke1 86. Qc1+ Ke2 87. Qc2+ Ke1 88. Qb1+ Ke2 89. Qa2+ Ke1 90. Qa1+ Ke2 91. Qa6+ Ke1 92. Qb6 Ke2 93. Kf4 Rd3 94. Qb2+ Rd2 95. Qe5+ Kf1 96. Kxf3 Rf2+ 97. Kg3 Rg2+ 98. Kh3 Rf2 99. Qa1+ Ke2 100. Kg3 Rf3+ 101. Kg4 Rd3 102. Qe5+ Re3 103. Qb5+ Kd2 104. Kf4 Rc3 105. Ke4 Rh3 106. Qg5+ Ke1 107. Qg1+ Ke2 108. Qg2+ 1-0


[Site "https://www.chess.com"]

[Event "Titled Tuesday Blitz August 08 Early 2023"]
[White "Yuruultei Batbaatar"]
[Black "Ingebretsen, Jens E"]
[WhiteFideId "4905962"]
[BlackFideId "1522965"]
[WhiteElo "2406"]
[BlackElo "2568"]
[Result "0-1"]
[Round "5"]
[TimeControl "180+1"]
[Date "2023.08.08"]
[WhiteClock "0:00:00"]
[BlackClock "0:00:25"]
[Board "137"]

1. d4 Nf6 2. c4 e6 3. Nf3 d5 4. g3 Bb4+ 5. Nbd2 O-O 6. Bg2 b6 7. O-O Bb7 8. Qc2 Nbd7 9. cxd5 exd5 10. a3 Bd6 11. b4 a6 12. Bb2 Qe7 13. e3 Ne4 14. Nxe4 dxe4 15. Nd2 f5 16. Nc4 Nf6 17. Rac1 Nd5 18. Nxd6 cxd6 19. Qb3 Kh8 20. Rc2 h5 21. Rfc1 h4 22. Bf1 b5 23. a4 f4 24. exf4 Rxf4 25. gxf4 Nxf4 26. Qe3 Nd5 27. Qh3 Qg5+ 28. Qg2 Qh6 29. Qxe4 Rb8 30. Bg2 Nf4 31. Qxb7 Rxb7 32. Rc8+ Kh7 33. Be4+ Ng6 34. Bxb7 d5 35. R8c7 h3 36. Kh1 Qf4 37. Bxd5 Qxf2 38. Bb7 Qxb2 39. Be4 Qxd4 0-1


[Site "https://www.chess.com"]

[Event "Titled Tuesday Blitz August 08 Early 2023"]
[White "Nosacheva, Mariya"]
[Black "Taboas Rodriguez, Daniel"]
[WhiteFideId "34111422"]
[BlackFideId "2208466"]
[WhiteElo "2398"]
[BlackElo "2566"]
[Result "0-1"]
[Round "5"]
[TimeControl "180+1"]
[Date "2023.08.08"]
[WhiteClock "0:00:01"]
[BlackClock "0:00:24"]
[Board "138"]

1. e4 e5 2. Nf3 Nc6 3. Bb5 Nf6 4. d3 d6 5. O-O Bd7 6. a4 g6 7. c3 Bg7 8. a5 O-O 9. a6 b6 10. Re1 Nd4 11. Bxd7 Nxf3+ 12. Qxf3 Nxd7 13. Na3 Nc5 14. Nc4 Qc8 15. b4 Nxa6 16. Qg3 Nb8 17. b5 Nd7 18. Ba3 a6 19. bxa6 Rxa6 20. Rab1 Qa8 21. Bc1 Ra1 22. Be3 Rxb1 23. Rxb1 Qa2 24. Rc1 Qe2 25. Bd2 Nc5 26. d4 Nxe4 27. Qe3 Qxe3 28. Bxe3 Ra8 29. dxe5 Bxe5 30. Nxe5 dxe5 31. f3 Nd6 32. c4 c5 33. Bg5 Kg7 34. Be7 Nf5 35. Rb1 Nxe7 0-1


[Site "https://www.chess.com"]

[Event "Titled Tuesday Blitz August 08 Early 2023"]
[White "Mogirzan, Matei-Valeriu"]
[Black "Castella Garcia, Fausto"]
[WhiteFideId "1257455"]
[BlackFideId "3501922"]
[WhiteElo "2561"]
[BlackElo "2396"]
[Result "1-0"]
[Round "5"]
[TimeControl "180+1"]
[Date "2023.08.08"]
[WhiteClock "0:00:46"]
[BlackClock "0:00:16"]
[Board "139"]

1. e4 c5 2. Nf3 d6 3. d4 cxd4 4. Nxd4 Nf6 5. Nc3 g6 6. h4 Bg7 7. h5 Nxh5 8. g4 Nf6 9. g5 Ng4 10. Bb5+ Bd7 11. Ne6 fxe6 12. Bxd7+ Nxd7 13. Qxg4 Ne5 14. Qe2 Rc8 15. f4 Nc4 16. f5 Nxb2 17. Bxb2 Qa5 18. f6 exf6 19. Qb5+ Qxb5 20. Nxb5 Rxc2 21. Nxd6+ Ke7 22. Ba3 Kd7 23. O-O f5 24. Rad1 Kc7 25. exf5 exf5 26. Rfe1 Bf8 27. Re8 Rxa2 28. Nb5+ Kb6 29. Bxf8 Kxb5 30. Rb1+ Kc6 31. Rc1+ Kd7 32. Re7+ Kd8 33. Rd1+ Kc8 34. Re8+ Kc7 35. Bd6+ Kc6 36. Rxh8 1-0


[Site "https://www.chess.com"]

[Event "Titled Tuesday Blitz August 08 Early 2023"]
[White "Legenia, Artem"]
[Black "Do Nascimento,Christian Almeida"]
[WhiteFideId "14136945"]
[BlackFideId "2143801"]
[WhiteElo "2391"]
[BlackElo "2560"]
[Result "1-0"]
[Round "5"]
[TimeControl "180+1"]
[Date "2023.08.08"]
[WhiteClock "0:01:44"]
[BlackClock "0:00:00"]
[Board "140"]

1. c4 e5 2. e3 f5 3. Ne2 Nf6 4. Nbc3 Nc6 5. g3 Bb4 6. Bg2 d6 7. O-O O-O 8. a3 Bxc3 9. Nxc3 Qe8 10. Nd5 Nxd5 11. cxd5 Ne7 12. b4 f4 13. d4 Qg6 14. exf4 exf4 15. Bxf4 Rxf4 16. gxf4 Bg4 17. Qb3 Nf5 18. Kh1 Nxd4 19. Qc3 Ne2 20. Qc4 Qh6 21. f3 Ng3+ 22. Kg1 Nxf1 23. fxg4 Ne3 24. Qe4 Nxg4 25. h3 Nf6 26. Qe6+ Kh8 27. Rf1 Re8 28. Qf7 Qg6 29. Qxc7 h5 30. Qxd6 Re2 31. Rf2 Qb1+ 32. Bf1 Rxf2 33. Qd8+ Kh7 34. Kxf2 Ne4+ 35. Ke3 Qxf1 36. Kxe4 Qe2+ 37. Kd4 Qd2+ 38. Ke5 Qe3+ 39. Kf5 Qxh3+ 40. Ke5 Qe3+ 41. Kd6 Qxf4+ 42. Kd7 Qf7+ 43. Kc8 h4 44. Qxh4+ Kg8 45. Qd8+ Kh7 46. d6 Qc4+ 47. Kb8 a5 48. d7 axb4 49. axb4 Qf4+ 50. Qc7 1-0


[Site "https://www.chess.com"]

[Event "Titled Tuesday Blitz August 08 Early 2023"]
[White "Santos Flores, Alberto"]
[Black "Qiao, Cindy"]
[WhiteFideId "3601234"]
[BlackFideId "2620243"]
[WhiteElo "2554"]
[BlackElo "2396"]
[Result "1-0"]
[Round "5"]
[TimeControl "180+1"]
[Date "2023.08.08"]
[WhiteClock "0:00:05"]
[BlackClock "0:00:06"]
[Board "141"]

1. e4 d5 2. exd5 Qxd5 3. Nf3 Nf6 4. d4 g6 5. c4 Qd6 6. Nc3 Bg7 7. Be2 c6 8. O-O O-O 9. h3 Be6 10. Re1 Na6 11. Be3 Qb4 12. a3 Qa5 13. Qd2 Qd8 14. Bh6 Nc7 15. Bxg7 Kxg7 16. Qe3 h6 17. Ne5 Qc8 18. Rad1 Rd8 19. Bf3 Rb8 20. g4 Nd7 21. d5 cxd5 22. cxd5 Nf6 23. dxe6 Qxe6 24. Nd3 Qa6 25. Nc5 Qb6 26. b4 e6 27. Rxd8 Rxd8 28. Nxb7 Rd7 29. Qxb6 axb6 30. Rd1 Ncd5 31. Nxd5 exd5 32. Nc5 bxc5 33. bxc5 Rc7 34. Rc1 Ra7 35. c6 Rc7 36. a4 Kf8 37. Be2 Ke7 38. Bb5 Kd6 39. Re1 d4 40. f3 Nd5 41. Rd1 Kc5 42. Rc1+ Kd6 43. Kf2 Nc3 44. Rc2 Kc5 45. Rd2 Kd5 46. Rd3 Kc5 47. Ke1 Nxb5 48. axb5 Kxb5 49. Rxd4 Rxc6 50. Rd7 Rf6 51. Ke2 Kc6 52. Rd1 Re6+ 53. Kf2 Kc5 54. Kg3 Re7 55. f4 Kc4 56. f5 gxf5 57. gxf5 Re3+ 58. Kg4 Re4+ 59. Kh5 Rf4 60. Kxh6 Rxf5 61. h4 Rf4 62. h5 Rh4 63. Kg5 Rh2 64. h6 f5 65. Rd6 Kc5 66. Rf6 Kd5 67. Kxf5 Rf2+ 68. Kg6 Rh2 69. Kg7 Rg2+ 70. Rg6 Rh2 71. h7 Re2 72. h8=Q Re7+ 73. Kh6 Re2 74. Qg8+ Kd4 75. Rd6+ Ke3 76. Re6+ Kf2 77. Rxe2+ Kxe2 78. Qf7 1-0


[Site "https://www.chess.com"]

[Event "Titled Tuesday Blitz August 08 Early 2023"]
[White "MarijaKuznecova"]
[Black "Al-Tarboush, Ward"]
[BlackFideId "7601450"]
[WhiteElo "2363"]
[BlackElo "2553"]
[Result "0-1"]
[Round "5"]
[TimeControl "180+1"]
[Date "2023.08.08"]
[WhiteClock "0:00:07"]
[BlackClock "0:00:26"]
[Board "142"]

1. e4 c5 2. Nf3 Nc6 3. Nc3 e5 4. Bc4 d6 5. h3 Be7 6. d3 Nf6 7. Nh2 O-O 8. Ng4 Be6 9. Nxf6+ Bxf6 10. Nd5 a6 11. a4 Nb4 12. a5 Nxd5 13. exd5 Bd7 14. O-O Bg5 15. f4 exf4 16. Bxf4 Bxf4 17. Rxf4 Qg5 18. Rf3 Rae8 19. Qf1 Re3 20. Rxe3 Qxe3+ 21. Qf2 Re8 22. Rf1 Qxf2+ 23. Kxf2 f5 24. c3 f4 25. b4 cxb4 26. cxb4 g5 27. Re1 Rxe1 28. Kxe1 Kg7 29. Kd2 Kf6 30. Kc3 h5 31. Kd4 g4 32. hxg4 hxg4 33. Bb3 Kg5 34. Bd1 g3 35. Bf3 Bf5 36. Kc3 Bg4 37. Be4 f3 38. gxf3 Bh3 39. Kd4 g2 40. f4+ Kxf4 41. Bxg2 Bxg2 42. Kc3 Bxd5 43. Kd4 Bc6 44. b5 axb5 45. Kc3 Ke3 46. d4 b4+ 47. Kc4 b3 48. Kxb3 Kxd4 49. Kb4 d5 50. a6 bxa6 51. Ka5 Bb5 52. Kb6 Kc4 0-1


[Site "https://www.chess.com"]

[Event "Titled Tuesday Blitz August 08 Early 2023"]
[White "Unat, Can Haktan"]
[Black "Silva, Kaua Marques"]
[WhiteFideId "6398073"]
[BlackFideId "22701168"]
[WhiteElo "2551"]
[BlackElo "2372"]
[Result "1-0"]
[Round "5"]
[TimeControl "180+1"]
[Date "2023.08.08"]
[WhiteClock "0:01:20"]
[BlackClock "0:01:05"]
[Board "143"]

1. e4 c6 2. Ne2 d5 3. Nbc3 e5 4. d4 exd4 5. Qxd4 f6 6. exd5 Bd6 7. Bf4 c5 8. Qe3+ Ne7 9. Bxd6 Qxd6 10. Nb5 Qb6 11. d6 O-O 12. dxe7 Re8 13. Nf4 Nc6 14. Bc4+ Kh8 15. O-O-O Rxe7 16. Nd5 1-0


[Site "https://www.chess.com"]

[Event "Titled Tuesday Blitz August 08 Early 2023"]
[White "Lopez Del Alamo, Antonio"]
[Black "Belov, Alexei"]
[WhiteFideId "2227339"]
[BlackFideId "4128206"]
[WhiteElo "2355"]
[BlackElo "2549"]
[Result "1/2-1/2"]
[Round "5"]
[TimeControl "180+1"]
[Date "2023.08.08"]
[WhiteClock "0:01:22"]
[BlackClock "0:00:59"]
[Board "144"]

1. e4 e6 2. d3 d5 3. Nd2 Nf6 4. Ngf3 Nc6 5. c3 e5 6. Qc2 a5 7. a4 g6 8. Be2 Bg7 9. O-O O-O 10. Re1 Re8 11. Bf1 h6 12. h3 b6 13. exd5 Nxd5 14. Nc4 Bf5 15. Bd2 Kh7 16. Rad1 Qd7 17. Bc1 Rad8 18. Qb3 Qc8 19. Kh2 e4 20. dxe4 Rxe4 21. Rxe4 Bxe4 22. Nfd2 Bf5 23. Nf3 Be6 24. Qc2 Bf5 25. Qb3 Be6 26. Qc2 Bf5 27. Qb3 1/2-1/2


[Site "https://www.chess.com"]

[Event "Titled Tuesday Blitz August 08 Early 2023"]
[White "Girsh, Daniel"]
[Black "Hoffmann, Asa"]
[WhiteFideId "30949190"]
[BlackFideId "2001470"]
[WhiteElo "2548"]
[BlackElo "2361"]
[Result "1-0"]
[Round "5"]
[TimeControl "180+1"]
[Date "2023.08.08"]
[WhiteClock "0:00:20"]
[BlackClock "0:00:09"]
[Board "145"]

1. d4 Nf6 2. c4 c5 3. d5 e5 4. Nc3 d6 5. e4 Be7 6. Be2 Nbd7 7. Nf3 Nf8 8. a3 Ng6 9. b4 b6 10. O-O O-O 11. bxc5 bxc5 12. Rb1 Nh5 13. g3 f5 14. Re1 fxe4 15. Nxe4 Bf5 16. Nfd2 Nf6 17. Bd3 Qd7 18. Qc2 Nxe4 19. Nxe4 h6 20. Bd2 Nh8 21. Rb2 Bxe4 22. Bxe4 Nf7 23. Bf5 Qc7 24. Be6 Rab8 25. Rxb8 Qxb8 26. Rb1 Qe8 27. Rb7 Kh8 28. Rxa7 Ng5 29. Bxg5 Bxg5 30. Qa4 Qh5 31. Ra8 Qf3 32. Rxf8+ Qxf8 33. Qd7 Bd2 34. Bf5 Bc3 35. a4 Bd4 36. a5 e4 37. Qc8 Qxc8 38. Bxc8 e3 39. Kf1 1-0


[Site "https://www.chess.com"]

[Event "Titled Tuesday Blitz August 08 Early 2023"]
[White "Mendez Fortes, Eduardo Jesus"]
[Black "amanjazu"]
[WhiteFideId "3502376"]
[WhiteElo "2544"]
[BlackElo "2332"]
[Result "1-0"]
[Round "5"]
[TimeControl "180+1"]
[Date "2023.08.08"]
[WhiteClock "0:01:06"]
[BlackClock "0:00:04"]
[Board "146"]

1. e4 d5 2. exd5 Nf6 3. Bb5+ Bd7 4. Be2 Nxd5 5. d4 Bf5 6. Nf3 e6 7. O-O Nd7 8. c4 N5f6 9. Nc3 c6 10. h3 Bd6 11. Be3 O-O 12. Qd2 h6 13. Rad1 Qc7 14. d5 exd5 15. cxd5 Bb4 16. dxc6 Qxc6 17. Nd4 Bxc3 18. bxc3 Qd5 19. c4 Qe5 20. f4 Qc5 21. Ne6 Qe7 22. Nxf8 Rxf8 23. g4 Be4 24. g5 Re8 25. gxf6 Nxf6 26. Bf3 Qe6 27. Bxe4 Nxe4 28. Qg2 Qxc4 29. Rfe1 f5 30. Bd4 Re7 31. Be5 Kh7 32. h4 Qf7 33. Qf3 Re6 34. Kh2 Rg6 35. Rg1 h5 36. Rxg6 Qxg6 37. Rg1 Qh6 38. Rxg7+ 1-0


[Site "https://www.chess.com"]

[Event "Titled Tuesday Blitz August 08 Early 2023"]
[White "Topalov, Aleksandar"]
[Black "Bettalli, Francesco"]
[WhiteFideId "925659"]
[BlackFideId "2816453"]
[WhiteElo "2349"]
[BlackElo "2544"]
[Result "1-0"]
[Round "5"]
[TimeControl "180+1"]
[Date "2023.08.08"]
[WhiteClock "0:00:20"]
[BlackClock "0:00:00"]
[Board "147"]

1. b3 a5 2. a3 e6 3. Bb2 Nf6 4. Nf3 d5 5. e3 Bd6 6. d4 Nbd7 7. Nbd2 Qe7 8. Ne5 O-O 9. Bd3 Ne8 10. O-O g6 11. f4 f6 12. Nxd7 Bxd7 13. e4 dxe4 14. Nxe4 Bc6 15. Qe2 Rd8 16. c4 Bxe4 17. Bxe4 c6 18. a4 Ng7 19. Bc2 c5 20. dxc5 Bxc5+ 21. Kh1 Rd7 22. Rad1 Rfd8 23. Be4 Nf5 24. Bxf5 exf5 25. Qxe7 Bxe7 26. Rxd7 Rxd7 27. h3 Kf7 28. Bc3 b6 29. Rf3 Bc5 30. g3 Rd1+ 31. Kg2 h5 32. h4 1-0


[Site "https://www.chess.com"]